 Dungeon Crawl Stone Soup version 0.30.0-29-ga12c61a403 (webtiles) character file.

Game seed: 12042963654430671484

783 Graphine the Shooter (level 8, -8/60 HPs)
             Began as a Formicid Hunter on June 19, 2023.
             Was a Believer of Kikubaaqudgha.
             Mangled by an ogre
             ... wielding a +0 giant club
              (24 damage)
             ... on level 5 of the Dungeon.
             The game lasted 00:09:35 (3801 turns).

Graphine the Shooter (Formicid Hunter)              Turns: 3801, Time: 00:09:35

Health: -8/60      AC:  5    Str: 16    XL:     8   Next: 11%
Magic:  0/11       EV: 13    Int:  9    God:    Kikubaaqudgha [**....]
Gold:   391        SH:  0    Dex: 19    Spells: 6/11 levels left

rFire   . . .        a - +0 shortbow
rCold   . . .        (no shield)
rNeg    . . .        n - +0 robe
rPois   .            (helmet unavailable)
rElec   .            f - +1 cloak
rCorr   .            p - +0 pair of gloves
SInv    +            (no boots)
Will    .....        m - amulet of guardian spirit
Stlth   +++          (no ring)
HPRegen 0.30/turn    (no ring)
MPRegen 0.12/turn

%: guardian spirit
@: no status effects
A: permanent stasis, dig shafts and tunnels, antennae 3, four strong arms
a: Dig, Shaft Self, Renounce Religion, Unearth Wretches


You were on level 5 of the Dungeon.
You worshipped Kikubaaqudgha.
Kikubaaqudgha was pleased with you.
You visited 1 branch of the dungeon, and saw 5 of its levels.
You also visited: Sewer.

You collected 391 gold pieces.

Inventory:

Hand Weapons
 a - a +0 shortbow (weapon)
Armour
 c - a +0 leather armour
 f - a +1 cloak (worn)
 n - a +0 robe (worn)
 p - a +0 pair of gloves (worn)
 s - a +2 hat
Jewellery
 m - an amulet of guardian spirit (around neck)
 o - an amulet of reflection
Wands
 u - a wand of digging (1)
Scrolls
 b - 4 scrolls of immolation
 l - 2 scrolls of poison
 t - a scroll of enchant weapon {unknown}
Potions
 d - a potion of cancellation
 e - a potion of might
 g - a potion of mutation {unknown}
 h - 5 potions of haste
 j - a potion of resistance
 k - a potion of magic {unknown}
 r - a potion of attraction {unknown}


   Skills:
 + Level 3.6 Fighting
 * Level 5.6 Ranged Weapons
 + Level 3.1 Dodging
 * Level 5.3 Stealth
 + Level 2.3 Spellcasting
 + Level 2.4 Necromancy
 - Level 0.7 Invocations
 + Level 2.6 Evocations


You had 6 spell levels left.
You knew the following spells:

 Your Spells              Type           Power      Damage    Failure   Level
a - Necrotise             Necr           20%        1d5       12%         1
b - Animate Dead          Necr           5%         N/A       75%         4

Your spell library contained the following spells:

 Spells                   Type           Power      Damage    Failure   Level
 Sublimation of Blood     Necr           5%         N/A       19%         2
 Kiss of Death            Conj/Necr      12%        2d6       21%         1
 Sandblast                Erth           2%         2d4       32%         1
 Passwall                 Tmut/Erth      0%         N/A       43%         2
 Hailstorm                Conj/Ice       1%         3d3       67%         3
 Stone Arrow              Conj/Erth      2%         3d7       67%         3
 Ice Form                 Ice/Tmut       1%         N/A       97%         4
 Conjure Ball Lightning   Conj/Air       0%         3x3d6     100%        6
 Simulacrum               Ice/Necr       1%         N/A       100%        6
 Discord                  Hex            0%         N/A       100%        8
 Disjunction              Tloc           0%         N/A       100%        8


Dungeon Overview and Level Annotations

Branches:
Dungeon (5/15)              Sewer (visited)
 Temple: D:4-7

Altars:
Dithmenos
Fedhas
Hepliaklqana
Kikubaaqudgha
Nemelex Xobeh
Okawaru
Qazlal
Sif Muna
Zin

Annotations:
D:5 2 transporters, grothendieck's ghost, novice GrEE


Innate Abilities, Weirdness & Mutations

You cannot be hasted, slowed, berserked, paralysed or teleported.
You can dig through walls and to a lower floor.
You have a pair of large antennae on your head. (SInv)
Your four strong arms can wield two-handed weapons with a shield.


Message History

Aim: a hound (54% to hit)
You shoot an arrow. The arrow misses the hound.
The arrow hits the scorpion.
The scorpion is almost dead.
You feel sick.
You are no longer poisoned.
The hound closely misses you. The hound bites you but does no damage.
Fire: a) +0 shortbow
Press: ? - help, Shift-Dir - straight line, f/p - hound
Aim: a hound (54% to hit)
You shoot an arrow. The arrow hits the hound!
The hound is severely wounded.
The hound bites you.
* * * LOW HITPOINT WARNING * * *
The hound barely misses you.
Fire: a) +0 shortbow
Press: ? - help, Shift-Dir - straight line, f/p - hound
Aim: a hound (severely wounded, 54% to hit)
You shoot an arrow. The arrow hits the hound.
You kill the hound!
Kikubaaqudgha accepts your kill. The scorpion closely misses you.
You have reached level 8!
You feel stronger.
Unknown command.
Fire: a) +0 shortbow
Press: ? - help, Shift-Dir - straight line, f - scorpion
Aim: a scorpion (almost dead, 64% to hit)
You shoot an arrow. The arrow hits the scorpion.
You kill the scorpion!
Kikubaaqudgha accepts your kill.
Unknown command.
Okay, then.
Fire: a) +0 shortbow
Press: ? - help, Shift-Dir - straight line, f - ogre
Aim: an ogre, wielding a +0 giant club (lightly wounded, 77% to hit)
You shoot an arrow. The arrow hits the ogre.
The ogre is lightly wounded.
The ogre hits you with a +0 giant club!!
You die...
Kikubaaqudgha rasps: "You have failed me!
Welcome... death!"

##.#.....#.#####.#.....#.##.#
# #.###........##.#.###.#)##.#
###.....................#.##.#
.....##.........#....#..#)##.#
..........................##.#
.....##.........######'#####.#
.[...######...#.##.........#.#
..............#.##.8..8..8.#.#
................@O.........#.#
..............#.###+##'##'##.#
.##.#.........#.# #..#..###.#
.##.####.####.#.# #.##...##.#
.##.# #.# #.#.# ..# ##...#.###
.##.# #.# #.#.###. {##..#...#
....# #.# #.#.# # ##'#.###
.#### #.# #.#.# .#.# .# #.#
#.#.# .#.#


You could see an ogre.

Vanquished Creatures
  Pargi (Sewer)
  A black bear (D:5)
  An ogre (D:4)
  3 scorpions
  A hound (D:5)
  A sleepcap (D:3)
  2 gnoll boudas
  An iguana (D:4)
  2 orc wizards (D:3)
  5 gnolls (D:4)
  An adder (D:4)
  2 ufetubi
  2 worms
  2 dart slugs
  5 orcs
  4 bats
  8 endoplasms
  6 giant cockroaches
  4 goblins
  3 hobgoblins
  6 jackals
  6 kobolds
  4 quokkas
  2 ball pythons (D:1)
  3 frilled lizards
76 creatures vanquished.

Notes
Turn   | Place    | Note
-------+----------+-------------------------------------------
     0 | D:1      | Graphine the Formicid Hunter began the quest for the Orb.
     0 | D:1      | Reached XP level 1. HP: 16/16 MP: 1/1
   313 | D:1      | Reached XP level 2. HP: 22/22 MP: 2/2
   823 | D:2      | Found an ancient bone altar of Kikubaaqudgha.
   893 | D:2      | Became a worshipper of Kikubaaqudgha
   971 | D:2      | Reached XP level 3. HP: 28/28 MP: 3/3
  1413 | D:3      | Found a sparkling altar of Nemelex Xobeh.
  1528 | D:3      | Found a stormy altar of Qazlal.
  1859 | D:3      | Reached skill level 1 in Evocations
  1859 | D:3      | Reached XP level 4. HP: 24/34 MP: 1/4
  1896 | D:3      | Reached skill level 1 in Necromancy
  1899 | D:3      | Reached XP level 5. HP: 39/39 MP: 4/6
  1911 | D:3      | Reached skill level 1 in Spellcasting
  2027 | D:3      | Found a glowing silver altar of Zin.
  2027 | D:3      | Found a hazy altar of Hepliaklqana.
  2268 | D:4      | Reached * piety under Kikubaaqudgha
  2268 | D:4      | Received a gift from Kikubaaqudgha
  2269 | D:4      | Reached XP level 6. HP: 38/46 MP: 5/7
  2271 | D:4      | Learned a level 1 spell: Necrotise
  2276 | D:4      | Learned a level 4 spell: Animate Dead
  2382 | D:4      | Noticed an ogre
  2390 | D:4      | Killed an ogre
  2533 | D:4      | Found a glowing drain.
  2547 | Sewer    | Entered a sewer
  2569 | Sewer    | Noticed Pargi
  2579 | Sewer    | Killed Pargi
  2580 | Sewer    | Reached skill level 5 in Ranged Weapons
  2580 | Sewer    | Reached XP level 7. HP: 33/52 MP: 5/9
  2721 | D:4      | Found an iron altar of Okawaru.
  2888 | D:4      | Found a shadowy altar of Dithmenos.
  3051 | D:5      | Entered Level 5 of the Dungeon
  3052 | D:5      | Found a blossoming altar of Fedhas.
  3102 | D:5      | Noticed a yak
  3146 | D:5      | Found a transporter.
  3302 | D:5      | Found a transporter.
  3306 | D:5      | Noticed grothendieck's ghost (novice GrEE)
  3362 | D:5      | Found a shimmering blue altar of Sif Muna.
  3587 | D:5      | Reached skill level 5 in Stealth
  3779 | D:5      | Reached ** piety under Kikubaaqudgha
  3800 | D:5      | Reached XP level 8. HP: 15/59 MP: 7/11
  3801 | D:5      | Mangled by an ogre

Illustrated notes

Levels and vault maps discovered:
D:1:      kennysheep_arrival_seaside, layout_loops_ring,
          chequers_serial_rivers_micro_a, nicolae_figureground_pulse
D:2:      layout_loops_ring, basic_altar
D:3:      layout_basic, nemelex_spade_bored_becter, grunt_qazlal_clouds,
          jmf_multi_god_temple, serial_aquarium, aquarium_bridge_square
          [aquarium_subvault_bridge, aquarium_subvault_balcony,
          aquarium_subvault_bridge, aquarium_subvault_wall], aquarium_window_1,
          aquarium_window_fake, aquarium_view_2c, aquarium_view_2g,
          aquarium_pool_four
D:4:      layout_rooms, mainiacjoe_overflow_catwalk, okawaru_trees_1,
          portal_sewer_entry_f, hangedman_decor_opposing, grunt_ministairs_10,
          sigmund_army
D:5:      minmay_chambers_of_threes, layout_basic, mainiacjoe_overflow_brackets,
          hangedman_ru_absence, fedhas_altar_fruit_tree, gammafunk_ghost_arena

Skill      XL: |  1  2  3  4  5  6  7 |
---------------+----------------------+-----
Stealth        | 2 3 4 5 |  5.3
Dodging        | 2 3 |  3.1
Evocations     | 1 2 |  2.6
Necromancy     | 1 2 |  2.4
Spellcasting   | 1 2 |  2.3
Fighting       | 3 |  3.6
Ranged Weapons | 5 |  5.6
Invocations    | |  0.7

Action                     |  1- 3 |  4- 6 |  7- 9 || total
---------------------------+-------+-------+-------++-------
  Melee: Shortbow          |       |     3 |       ||     3
   Fire: Shortbow          |    70 |    83 |    82 ||   235
Ability: Dig               |     2 |       |       ||     2
  Evoke: Wand              |       |       |     1 ||     1
    Use: Scroll            |     5 |     3 |     4 ||    12
         Potion            |     1 |     1 |     6 ||     8
 Armour: Leather armour    |     2 |       |       ||     2
         Robe              |     1 |    24 |    25 ||    50
  Dodge: Dodged            |    10 |    48 |    58 ||   116
